 Dungeon Crawl Stone Soup version 0.29-a0-872-g797fff5ad1 (webtiles) character file.

Game seed: 14721532770073347354

103 mathmaestro the Grave Robber (level 4, 33/33 HPs)
             Began as a Demonspawn Necromancer on July 18, 2022.
             Quit the game on level 3 of the Dungeon.
             The game lasted 00:04:10 (2223 turns).

mathmaestro the Grave Robber (DsNe)                 Turns: 2223, Time: 00:04:10

Health: 33/33      AC:  3    Str:  8    XL:     4   Next: 51%
Magic:  7/17       EV: 11    Int: 19    God:
Gold:   144        SH:  4    Dex: 13    Spells: 4/8 levels left

rFire   . . .      SeeInvis +   g - +0 dagger
rCold   . . .      Faith    .   (no shield)
rNeg    . . .      Spirit   .   j - +0 leather armour
rPois   .          Reflect  .   (no helmet)
rElec   .          Harm     .   (no cloak)
rCorr   .          Rampage  .   (no gloves)
Will    .....                   (no boots)
Stlth   ++........              (no amulet)
HPRegen 0.11/turn               h - ring of see invisible
MPRegen 0.15/turn               i - ring of magical power

@: no status effects
A: large bone plates 1, demonic guardian 1
a: no special abilities


You were on level 3 of the Dungeon.
You visited 1 branch of the dungeon, and saw 3 of its levels.

You collected 144 gold pieces.

Inventory:

Hand Weapons
 g - a +0 dagger (weapon)
Armour
 c - a +0 tower shield
 j - a +0 leather armour (worn)
Jewellery
 h - a ring of see invisible (left hand)
 i - a ring of magical power (right hand)
 l - a ring of protection from fire
Scrolls
 a - a scroll of enchant weapon {unknown}
 d - 2 scrolls of teleportation {unknown}
 n - a scroll of magic mapping {unknown}
 q - a scroll of vulnerability {unknown}
Potions
 b - a potion of magic
 e - a potion of curing {unknown}
 f - a potion of might {unknown}
 k - 2 potions of attraction {unknown}
 m - a potion of mutation {unknown}
 o - a potion of heal wounds {unknown}
 p - a potion of flight {unknown}


   Skills:
 + Level 2.1 Fighting
 - Level 2.0 Dodging
 - Level 2.0 Stealth
 + Level 2.9 Spellcasting
 + Level 5.1 Necromancy


You had 4 spell levels left.
You knew the following spells:

 Your Spells              Type           Power      Damage    Failure   Level
a - Necrotise             Necr           88%        1d8       2%          1
b - Vampiric Draining     Necr           22%        2d7       9%          3

Your spell library contained the following spells:

 Spells                   Type           Power      Damage    Failure   Level
 Animate Dead             Necr           22%        N/A       26%         4
 Agony                    Necr           22%        N/A       58%         5


Dungeon Overview and Level Annotations

Branches:
Dungeon (3/15)

Altars:

Shops:
D:2 =


Innate Abilities, Weirdness & Mutations

You are partially covered in large bone plates. (SH +4)
A weak demonic guardian rushes to your aid.


Message History

Press: ? - help, Shift-Dir - straight line, f/p - scorpion
Aim: a scorpion (moderately wounded, chance to affect: 78%)
The scorpion barely resists.
Casting: Necrotise (safe; 3% risk of failure)
Confirm with . or Enter, or press ? or * to list all spells.
Aiming: Necrotise (safe; 3% risk of failure)
Press: ? - help, Shift-Dir - straight line, f/p - scorpion
Aim: a scorpion (moderately wounded, chance to affect: 78%)
The scorpion barely resists.
Casting: Necrotise (safe; 3% risk of failure)
Confirm with . or Enter, or press ? or * to list all spells.
Aiming: Necrotise (safe; 3% risk of failure)
Press: ? - help, Shift-Dir - straight line, f/p - scorpion
Aim: a scorpion (moderately wounded, chance to affect: 78%)
The scorpion writhes in agony!
The scorpion stings you.
Casting: Necrotise (safe; 3% risk of failure)
Confirm with . or Enter, or press ? or * to list all spells.
Aiming: Necrotise (safe; 3% risk of failure)
Press: ? - help, Shift-Dir - straight line, f/p - scorpion
Aim: a scorpion (heavily wounded, chance to affect: 78%)
The scorpion barely resists.
The scorpion stings you.
Casting: Necrotise (safe; 3% risk of failure)
Confirm with . or Enter, or press ? or * to list all spells.
The spell is quite dangerous to miscast (11% risk of failure)!
Continue anyway?
Okay, then.
Casting: Vampiric Draining (quite dangerous; 11% risk of failure)
Confirm with . or Enter, or press ? or * to list all spells.
The spell is quite dangerous to miscast (11% risk of failure)!
Continue anyway?
Aiming: Vampiric Draining (quite dangerous; 11% risk of failure)
Press: ? - help, Shift-Dir - straight line, f/p - scorpion
Aim: a scorpion (heavily wounded)
You draw life force from the scorpion!
You kill the scorpion!
You feel life coursing into your body.
Your Fighting skill increases to level 2!
Your Necromancy skill increases to level 5!
You have reached level 4!
You feel clever.
Your demonic ancestry asserts itself...
You feel the presence of a demonic guardian.
Are you sure you want to abandon this character and quit the game? (Confirm with "yes".)

#.............# #.#
#####.....#..## #.#
#.....#.#####.#######.
###.###...............
#(###..#....########
#...........#
########.##.# #.##.#
#@##.# #.##.# #.##.#
#.##.. #.# .# ... ...
...


There were no monsters in sight!

Vanquished Creatures
  A scorpion (D:3)
  A worm (D:2)
  A dart slug (D:1)
  2 endoplasms
  4 goblins
  4 hobgoblins
  2 jackals (D:2)
  3 kobolds
  A quokka (D:1)
  5 ball pythons
  2 bats
  2 frilled lizards
  8 rats
36 creatures vanquished.

Vanquished Creatures (collateral kills)
  A goblin (D:1)
1 creature vanquished.

Grand Total: 37 creatures vanquished

Notes
Turn   | Place    | Note
-------+----------+-------------------------------------------
     0 | D:1      | mathmaestro the Demonspawn Necromancer began the quest for
                  | the Orb.
     0 | D:1      | Reached XP level 1. HP: 13/13 MP: 3/3
   225 | D:1      | Gained mutation: You are partially covered in large bone
                  | plates. (SH +4) [demonic ancestry]
   225 | D:1      | Reached XP level 2. HP: 20/20 MP: 0/5
  1000 | D:1      | Found a faded altar of an unknown god.
  1218 | D:2      | Reached skill level 1 in Fighting
  1493 | D:2      | Found Eruth's One-of-a-Kind Rings.
  1641 | D:2      | Reached XP level 3. HP: 26/26 MP: 6/6
  1905 | D:2      | Learned a level 3 spell: Vampiric Draining
  2214 | D:3      | Noticed a scorpion
  2222 | D:3      | Killed a scorpion
  2223 | D:3      | Reached skill level 5 in Necromancy
  2223 | D:3      | Gained mutation: A weak demonic guardian rushes to your
                  | aid. [demonic ancestry]
  2223 | D:3      | Reached XP level 4. HP: 33/33 MP: 7/8
  2223 | D:3      | Quit the game

Illustrated notes

Levels and vault maps discovered:
D:1:      onia_arrival_handbag, layout_basic,
          shapermc_ecumenical_altar_mp_urbaneastern, minmay_bisected
D:2:      layout_loops_ring, nicolae_shop_unique_rings, grunt_ministairs_13
D:3:      layout_loops_ring, uniq_sigmund

Skill      XL: |  1  2  3 |
---------------+----------+-----
Stealth        | 2 |  2.0
Dodging        | 2 |  2.0
Fighting       | 1 2 |  2.1
Necromancy     | 5 |  5.1
Spellcasting   | |  2.9

Action                   |  1- 3 |  4- 6 || total
-------------------------+-------+-------++-------
Melee: Dagger            |     5 |       ||     5
 Cast: Necrotise         |    77 |       ||    77
       Vampiric Draining |     1 |       ||     1
Armor: Robe              |     2 |       ||     2
       Leather armour    |     3 |       ||     3
Dodge: Dodged            |     6 |       ||     6
Block: Other             |     4 |       ||     4

Table legend: (Time is in decaauts)
 A = Elapsed time spent in this place.
 B = Non-inter-level travel time spent in this place.
 C = Inter-level travel time spent in this place.
 D = Time resting spent in this place.
 E = Time spent auto-exploring this place.
 F = Levels seen in this place.
 G = Mean time per level.
                   A        B        C        D        E       F      G
               +--------+--------+--------+--------+--------+-----+--------+
         Total |   2221 |   2122 |     99 |    266 |   1570 |   3 |  740.3 |
       Dungeon |   2221 |   2122 |     99 |    266 |   1570 |   3 |  740.3 |
               +--------+--------+--------+--------+--------+-----+--------+

Top non-repeatable levels by time:
     D:1: 1155 daAuts
     D:2: 900 daAuts
     D:3: 164 daAuts
